Login

Aces vs Trash Pandas

Created - February 25, 2024 at 11:50

Goals
1 2 3 OT1 T
Aces 3 1 0 0 4
Trash Pandas 3 0 1 1 5
Shots
1 2 3 OT1 T
Aces 10 7 14 1 32
Trash Pandas 22 10 6 1 39

GoalsPenalties
1st period
1. Trash Pandas , Erik Gudbranson 6 (Mikael Granlund 5, Sean Kuraly 5) at 2:00
2. Aces , Clayton Keller 14 (Thomas Chabot 19, Robby Fabbri 9) at 4:38 (PP)
3. Trash Pandas , Isac Lundestrom 2 (Ryan Strome 18) at 11:50
4. Aces , Jack Hughes 9 (Ryan McDonagh 14) at 12:09
5. Aces , Clayton Keller 15 (Lee Mack 28, Carter Hart) at 17:50 (PP)
6. Trash Pandas , Carson Soucy 1 (Ryan Strome 19, Isac Lundestrom 3) at 18:12
Nico Sturm (ABE) for Holding (Minor) at 3:44
Jaden Schwartz (ABE) for Slashing (Minor) at 5:27
Lee Mack (MAL) for Slashing (Minor) at 6:42
Charlie Coyle (MAL) for Hooking (Minor) at 13:57
Connor Murphy (ABE) for High sticking (Minor) at 17:05
2nd period
7. Aces , Robby Fabbri 9 (Mikael Backlund 14, Nick Leddy 12) at 19:54
No Penalty
3rd period
8. Trash Pandas , Taylor Hall 11 (Ryan O'Reilly 15, Nico Sturm 4) at 18:28
Sean Monahan (ABE) for Roughing (Minor) at 4:07
Ryan Strome (ABE) for High sticking (Minor) at 15:04
Erik Gudbranson (ABE) for Slashing (Minor) at 18:58
Overtime #1
9. Trash Pandas , Connor Murphy 3 (Nicklas Backstrom 9, Sean Monahan 24) at 1:26
No Penalty
Goalie Stats
Carter Hart (MAL), 34 saves from 39 shots - (0.872), OTL, 18-24-5, 61:27 minutes
Jordan Binnington (ABE), 28 saves from 32 shots - (0.875), W, 8-11-1, 61:27 minutes
3 StarsOfficial
1 - Isac Lundestrom (ABE)
2 - Clayton Keller (MAL)
3 - Carson Soucy (ABE)
Referees : Unknown
Linesman : Unknown
Game Note
No Game Note
Finance
Level 1 -- Attendance: 5032 (83.87%) -- Ticket Income $503,200
Level 2 -- Attendance: 4103 (82.06%) -- Ticket Income $246,180
Level 3 -- Attendance: 1400 (70.00%) -- Ticket Income $49,000
Level 4 -- Attendance: 2913 (72.83%) -- Ticket Income $72,825
Luxury Box -- Attendance: 948 (94.80%) -- Ticket Income $189,600
Game was played at the Balmoral Castle.
Total Attendance: 14396 (79.98%)
Total Ticket Income: $1,060,805
Other Income: $424,322
Total Income: $1,485,127



Team Name Goals Shots Shots Attemp Shots Blocked PIM HIT PP PK FO%
Aces 4327274192 / 6 (33%)034%
Trash Pandas 539671712210 / 2 (0%)266%

Aces
Player Name POS G A P +/- PIM HIT SHT SB MP PP MP PP SHT PK MP PK SHT FO% FOT
Anthony BeauvillierLW000-101207:200:0000:0000% 2
Arthur KaliyevLW/RW000-1010014:580:0000:00020% 15
Carter VerhaegheC/LW/RW0000000017:143:2900:00038% 21
Charlie CoyleC/RW0000215017:133:2910:0000% 0
Clayton KellerLW/RW2020013122:374:2422:02040% 10
Dante FabbroD0001010214:490:0000:3300% 0
Erik CernakD0000032125:144:0701:2900% 0
Jack HughesC/LW1010003022:354:2412:0000% 2
Jordan KyrouLW/RW000-1003120:114:4321:14020% 5
Lee MackD011-1244024:334:0630:5600% 0
Mikael BacklundC/RW011-1003012:350:0000:00050% 2
Nick LeddyD0111020014:520:0000:0000% 0
Paul StastnyC/LW000-100009:322:1200:00033% 3
Robby FabbriC/LW112-1032013:420:5800:09050% 16
Ross ColtonC/LW000-100007:200:0000:00038% 13
Ryan McDonaghD011-3002021:283:4621:4500% 0
Thomas ChabotD011-3022121:283:4621:4500% 0
Victor OlofssonLW/RW000-1001113:380:0001:0300% 3
Trash Pandas
Player Name POS G A P +/- PIM HIT SHT SB MP PP MP PP SHT PK MP PK SHT FO% FOT
Ben ChiarotD0000000525:231:2804:4400% 0
Carson SoucyD1012001216:440:0004:0700% 0
Connor MurphyD1011212525:401:4604:1500% 0
Erik GudbransonD1012221118:471:2803:1700% 0
Erik JohnsonD0000041115:390:0000:0000% 0
Isac LundestromC1122021012:360:0000:000100% 2
Jaden SchwartzLW0002211012:350:0000:0000% 1
Jonathan ToewsC000-1004016:060:3800:000100% 2
Mikael GranlundC/LW/RW011001208:310:0000:00050% 2
Morgan GeekieC/RW000-1000016:211:3700:0000% 0
Nicklas BackstromC011100109:000:0000:00075% 12
Nico SturmC/LW0111225014:580:3812:0300% 0
Ryan O'ReillyC0111011022:262:3616:06069% 29
Ryan StromeC0222224114:090:0010:50061% 18
Sean KuralyLW0110002112:381:3702:300100% 1
Sean MonahanC0110239023:032:3625:15260% 25
Shayne GostisbehereD0000000118:441:4601:1900% 0
Taylor HallLW/RW1011024012:180:0000:0000% 0

Aces

5 vs 5 Forward
Line #Left WingCenterRight WingPHYDFOFWanted %Time %Time Play
1Jack HughesArthur KaliyevClayton Keller1223030%14:29
2Jordan KyrouCarter VerhaegheCharlie Coyle1222829%13:45
3Victor OlofssonRobby FabbriMikael Backlund1222626%12:35
4Anthony BeauvillierRoss ColtonPaul Stastny1221615%7:20
5 vs 5 Defense
Line #DefenseDefensePHYDFOFWanted %Time %Time Play
1Lee MackErik Cernak1223027%12:51
2Ryan McDonaghThomas Chabot1222832%15:14
3Nick LeddyDante Fabbro1222630%14:16
4Lee MackErik Cernak1221612%5:48
Power Play Forward
Line #Left WingCenterRight WingPHYDFOFWanted %Time %Time Play
1Jack HughesJordan KyrouClayton Keller1225556%4:24
2Jordan KyrouCarter VerhaegheCharlie Coyle1224544%3:29
Power Play Defense
Line #DefenseDefensePHYDFOFWanted %Time %Time Play
1Lee MackErik Cernak1225552%4:07
2Ryan McDonaghThomas Chabot1224548%3:46
Penalty Kill 4 Players Forward
Line #CenterWingPHYDFOFWanted %Time %Time Play
1Clayton KellerJack Hughes1225562%2:00
2Clayton KellerJordan Kyrou1224538%1:14
Penalty Kill 4 Players Defense
Line #DefenseDefensePHYDFOFWanted %Time %Time Play
1Lee MackErik Cernak1225546%1:29
2Ryan McDonaghThomas Chabot1224554%1:45
Penalty Kill 3 Players
Line #WingPHYDFOFWanted %Time %Time PlayDefenseDefensePHYDFOFWanted %Time %Time Play
1Jack Hughes122550%0:00 Lee MackErik Cernak122550%0:00
2Jack Hughes122450%0:00 Ryan McDonaghThomas Chabot122450%0:00
4 vs 4 Forward
Line #CenterWingPHYDFOFWanted %Time %Time Play
1Clayton KellerJack Hughes12255100%1:42
2Clayton KellerJordan Kyrou122450%0:00
4 vs 4 Defense
Line #DefensePHYDFOFWanted %Time %Time Play
1Lee MackErik Cernak1225558%55% - 0:59
2Ryan McDonaghThomas Chabot1224542%45% - 0:43
Last Minutes Offensive
Left WingCenterRight WingDefenseDefense
Jack HughesArthur KaliyevClayton KellerLee MackErik Cernak
Last Minutes Defensive
Left WingCenterRight WingDefenseDefense
Jack HughesArthur KaliyevClayton KellerLee MackErik Cernak
Time
Total ForwardTotal DefenseLast Minutes OffensiveLast Minutes Defensive
60:58 60:58 0:000:00
Extra Forwards
Normal PowerPlayPenalty Kill
Paul Stastny, Robby Fabbri, Victor OlofssonPaul Stastny, Robby FabbriVictor Olofsson
Extra Defensemen
Normal PowerPlayPenalty Kill
Nick Leddy, Dante Fabbro, Ryan McDonaghNick Leddy, Dante FabbroRyan McDonagh
Penalty Shots
Robby Fabbri, Jack Hughes, Clayton Keller, Jordan Kyrou, Carter Verhaeghe
Goalie
Carter Hart, Philipp Grubauer
Custom OT Lines Forwards
Arthur Kaliyev, Jack Hughes, Clayton Keller, Jordan Kyrou, Carter Verhaeghe, Charlie Coyle, Robby Fabbri, Victor Olofsson, Mikael Backlund, Anthony Beauvillier
Custom OT Lines Defensemen
Lee Mack, Erik Cernak, Ryan McDonagh, Thomas Chabot, Nick Leddy
Scratches
Nathan MacKinnon (Healthy), Chris Driedger (Healthy)

Trash Pandas

5 vs 5 Forward
Line #Left WingCenterRight WingPHYDFOFWanted %Time %Time Play
1Jonathan ToewsSean MonahanMorgan Geekie1133031%14:44
2Nico SturmRyan O'ReillyTaylor Hall1132826%12:18
3Isac LundestromRyan StromeJaden Schwartz1132626%12:36
4Sean KuralyNicklas BackstromMikael Granlund1131618%8:31
5 vs 5 Defense
Line #DefenseDefensePHYDFOFWanted %Time %Time Play
1Connor MurphyBen Chiarot3203026%12:30
2Erik GudbransonCarson Soucy3202829%14:03
3Erik JohnsonShayne Gostisbehere3202633%15:39
4Connor MurphyBen Chiarot4101612%5:57
Power Play Forward
Line #Left WingCenterRight WingPHYDFOFWanted %Time %Time Play
1Ryan O'ReillySean MonahanSean Kuraly1045550%1:37
2Sean MonahanRyan O'ReillyMorgan Geekie3114550%1:37
Power Play Defense
Line #DefenseDefensePHYDFOFWanted %Time %Time Play
1Connor MurphyShayne Gostisbehere3115555%1:46
2Erik GudbransonBen Chiarot3114545%1:28
Penalty Kill 4 Players Forward
Line #CenterWingPHYDFOFWanted %Time %Time Play
1Ryan O'ReillySean Monahan1315568%5:23
2Sean MonahanSean Kuraly1404532%2:30
Penalty Kill 4 Players Defense
Line #DefenseDefensePHYDFOFWanted %Time %Time Play
1Connor MurphyBen Chiarot3205554%4:15
2Erik GudbransonCarson Soucy4104546%3:38
Penalty Kill 3 Players
Line #WingPHYDFOFWanted %Time %Time PlayDefenseDefensePHYDFOFWanted %Time %Time Play
1Ryan O'Reilly1315574%0:43 Connor MurphyBen Chiarot1315550%0:29
2Sean Monahan1314526%0:15 Erik GudbransonCarson Soucy1314550%0:29
4 vs 4 Forward
Line #CenterWingPHYDFOFWanted %Time %Time Play
1Jonathan ToewsRyan Strome32055100%0:44
2Nicklas BackstromRyan O'Reilly320450%0:00
4 vs 4 Defense
Line #DefensePHYDFOFWanted %Time %Time Play
1Connor MurphyBen Chiarot32055100%55% - 0:44
2Erik GudbransonCarson Soucy320450%45% - 0:00
Last Minutes Offensive
Left WingCenterRight WingDefenseDefense
Jonathan ToewsSean MonahanRyan StromeConnor MurphyShayne Gostisbehere
Last Minutes Defensive
Left WingCenterRight WingDefenseDefense
Nico SturmRyan O'ReillyTaylor HallConnor MurphyBen Chiarot
Time
Total ForwardTotal DefenseLast Minutes OffensiveLast Minutes Defensive
60:58 60:58 0:000:00
Extra Forwards
Normal PowerPlayPenalty Kill
Sean Kuraly, Sean Monahan, Ryan O'ReillyRyan O'Reilly, Jonathan ToewsRyan O'Reilly
Extra Defensemen
Normal PowerPlayPenalty Kill
Connor Murphy, Shayne Gostisbehere, Erik GudbransonBen Chiarot, Shayne GostisbehereErik Gudbranson
Penalty Shots
Sean Kuraly, Sean Monahan, Erik Gudbranson, Ben Chiarot, Ryan O'Reilly
Goalie
Jordan Binnington, Casey DeSmith
Custom OT Lines Forwards
Sean Monahan, Nicklas Backstrom, Taylor Hall, Jonathan Toews, Morgan Geekie, Sean Kuraly, Nico Sturm, Ryan Strome, Ryan O'Reilly, Jaden Schwartz
Custom OT Lines Defensemen
Connor Murphy, Ben Chiarot, Erik Gudbranson, Carson Soucy, Shayne Gostisbehere
Scratches
Oskar Sundqvist (Healthy), Christian Dvorak (Sprained Left Ankle Injury), Nick Foligno (Healthy)


Play-by-Play

1st period


0:01 of 1st period - Jonathan Toews wins face-off versus Arthur Kaliyev in neutral zone.
0:10 of 1st period - Shot by Morgan Geekie.
0:10 of 1st period - Deflect By Jonathan Toews.
0:10 of 1st period - Stopped by Carter Hart without a rebound.
0:11 of 1st period - Carter Verhaeghe wins face-off versus Ryan O'Reilly in Aces zone.
0:11 of 1st period - Carter Verhaeghe is hit by Taylor Hall.
0:29 of 1st period - Shot by Nico Sturm.
0:29 of 1st period - Stopped by Carter Hart with a rebound.
0:31 of 1st period - Shot by Erik Gudbranson.
0:31 of 1st period - Shot Blocked by Thomas Chabot.
0:39 of 1st period - Shot by Nico Sturm.
0:39 of 1st period - Stopped by Carter Hart without a rebound.
0:40 of 1st period - Ryan Strome wins face-off versus Robby Fabbri in Aces zone.
0:40 of 1st period - Ryan Strome is hit by Nick Leddy.
1:50 of 1st period - Shot by Jonathan Toews.
1:50 of 1st period - Stopped by Carter Hart without a rebound.
1:51 of 1st period - Sean Kuraly wins face-off versus Ross Colton in Aces zone.
1:51 of 1st period - Erik Gudbranson is hit by Thomas Chabot and loses puck.
1:58 of 1st period - Shot by Mikael Granlund.
1:58 of 1st period - Stopped by Carter Hart with a rebound.
2:00 of 1st period - Shot by Erik Gudbranson.
2:00 of 1st period - Goal by Erik Gudbranson - Aces : 0 - Trash Pandas : 1.
2:01 of 1st period - Sean Monahan wins face-off versus Carter Verhaeghe in neutral zone.
2:20 of 1st period - Icing by Lee Mack.
2:21 of 1st period - Nicklas Backstrom wins face-off versus Carter Verhaeghe in Aces zone.
3:14 of 1st period - Lee Mack is hit by Nico Sturm and loses puck.
3:44 of 1st period - Minor Penalty to Nico Sturm for Holding.
3:45 of 1st period - Paul Stastny wins face-off versus Ryan O'Reilly in Trash Pandas zone.
3:52 of 1st period - Shot by Jack Hughes.
3:52 of 1st period - Stopped by Jordan Binnington with a rebound.
4:07 of 1st period - Shot by Thomas Chabot.
4:07 of 1st period - Shot Blocked by Erik Gudbranson.
4:09 of 1st period - Shot by Ryan McDonagh.
4:09 of 1st period - Shot Misses the Net.
4:11 of 1st period - Shot by Ryan McDonagh.
4:11 of 1st period - Stopped by Jordan Binnington without a rebound.
4:12 of 1st period - Sean Monahan wins face-off versus Clayton Keller in Trash Pandas zone.
4:22 of 1st period - Icing by Thomas Chabot.
4:23 of 1st period - Robby Fabbri wins face-off versus Sean Monahan in Aces zone.
4:38 of 1st period - Shot by Clayton Keller.
4:38 of 1st period - Goal by Clayton Keller - Aces : 1 - Trash Pandas : 1.
4:39 of 1st period - Ryan Strome wins face-off versus Anthony Beauvillier in neutral zone.
4:52 of 1st period - Shot by Jaden Schwartz.
4:52 of 1st period - Shot Misses the Net.
5:15 of 1st period - Anthony Beauvillier is hit by Erik Johnson and loses puck.
5:27 of 1st period - Minor Penalty to Jaden Schwartz for Slashing.
5:28 of 1st period - Ryan O'Reilly wins face-off versus Carter Verhaeghe in Trash Pandas zone.
5:33 of 1st period - Lee Mack is hit by Connor Murphy and loses puck.
5:38 of 1st period - Shot by Sean Monahan.
5:38 of 1st period - Stopped by Carter Hart with a rebound.
5:44 of 1st period - Shot by Sean Monahan.
5:44 of 1st period - Stopped by Carter Hart without a rebound.
5:45 of 1st period - Clayton Keller wins face-off versus Ryan O'Reilly in Aces zone.
6:11 of 1st period - Shot by Thomas Chabot.
6:11 of 1st period - Stopped by Jordan Binnington without a rebound.
6:12 of 1st period - Sean Monahan wins face-off versus Carter Verhaeghe in Trash Pandas zone.
6:12 of 1st period - Sean Monahan is hit by Charlie Coyle.
6:39 of 1st period - Icing by Carter Verhaeghe.
6:40 of 1st period - Sean Monahan wins face-off versus Carter Verhaeghe in Aces zone.
6:42 of 1st period - Minor Penalty to Lee Mack for Slashing.
6:43 of 1st period - Ryan Strome wins face-off versus Clayton Keller in Aces zone.
6:50 of 1st period - Shot by Ryan Strome.
6:50 of 1st period - Stopped by Carter Hart without a rebound.
6:51 of 1st period - Jonathan Toews wins face-off versus Clayton Keller in Aces zone.
7:28 of 1st period - Shot by Ryan Strome.
7:28 of 1st period - Stopped by Carter Hart without a rebound.
7:29 of 1st period - Clayton Keller wins face-off versus Sean Monahan in Aces zone.
7:56 of 1st period - Shot by Sean Monahan.
7:56 of 1st period - Shot Blocked by Clayton Keller.
7:58 of 1st period - Shot by Sean Monahan.
7:58 of 1st period - Stopped by Carter Hart without a rebound.
7:59 of 1st period - Sean Monahan wins face-off versus Victor Olofsson in Aces zone.
8:06 of 1st period - Shot by Ryan O'Reilly.
8:06 of 1st period - Stopped by Carter Hart with a rebound.
8:08 of 1st period - Shot by Connor Murphy.
8:08 of 1st period - Deflect By Sean Monahan.
8:08 of 1st period - Stopped by Carter Hart with a rebound.
9:07 of 1st period - Ross Colton is hit by Ryan Strome and loses puck.
9:23 of 1st period - Icing by Erik Gudbranson.
9:24 of 1st period - Robby Fabbri wins face-off versus Ryan Strome in Trash Pandas zone.
9:27 of 1st period - Shot by Mikael Backlund.
9:27 of 1st period - Stopped by Jordan Binnington without a rebound.
9:28 of 1st period - Nicklas Backstrom wins face-off versus Robby Fabbri in Trash Pandas zone.
9:28 of 1st period - Erik Johnson is hit by Robby Fabbri and loses puck.
10:11 of 1st period - Mikael Granlund is hit by Lee Mack and loses puck.
10:34 of 1st period - Ben Chiarot is hit by Robby Fabbri and loses puck.
11:04 of 1st period - Icing by Ryan McDonagh.
11:05 of 1st period - Ryan O'Reilly wins face-off versus Arthur Kaliyev in Aces zone.
11:06 of 1st period - Shot by Taylor Hall.
11:06 of 1st period - Stopped by Carter Hart without a rebound.
11:07 of 1st period - Carter Verhaeghe wins face-off versus Ryan O'Reilly in Aces zone.
11:41 of 1st period - Off-side.
11:42 of 1st period - Isac Lundestrom wins face-off versus Arthur Kaliyev in neutral zone.
11:42 of 1st period - Isac Lundestrom is hit by Clayton Keller.
11:50 of 1st period - Shot by Isac Lundestrom.
11:50 of 1st period - Goal by Isac Lundestrom - Aces : 1 - Trash Pandas : 2.
11:51 of 1st period - Sean Monahan wins face-off versus Arthur Kaliyev in neutral zone.
11:56 of 1st period - Shot by Sean Monahan.
11:56 of 1st period - Stopped by Carter Hart without a rebound.
11:57 of 1st period - Sean Monahan wins face-off versus Clayton Keller in Aces zone.
11:57 of 1st period - Sean Monahan is hit by Thomas Chabot.
12:09 of 1st period - Shot by Jack Hughes.
12:09 of 1st period - Goal by Jack Hughes - Aces : 2 - Trash Pandas : 2.
12:10 of 1st period - Robby Fabbri wins face-off versus Ryan O'Reilly in neutral zone.
12:35 of 1st period - Shot by Ryan O'Reilly.
12:35 of 1st period - Shot Misses the Net.
12:37 of 1st period - Shot by Nico Sturm.
12:37 of 1st period - Stopped by Carter Hart with a rebound.
12:39 of 1st period - Shot by Erik Johnson.
12:39 of 1st period - Stopped by Carter Hart with a rebound.
13:13 of 1st period - Icing by Sean Monahan.
13:14 of 1st period - Arthur Kaliyev wins face-off versus Sean Monahan in Trash Pandas zone.
13:24 of 1st period - Clayton Keller is hit by Sean Monahan and loses puck.
13:29 of 1st period - Shot by Sean Monahan.
13:29 of 1st period - Stopped by Carter Hart without a rebound.
13:30 of 1st period - Carter Verhaeghe wins face-off versus Ryan Strome in Aces zone.
13:30 of 1st period - Carter Verhaeghe is hit by Jaden Schwartz.
13:57 of 1st period - Minor Penalty to Charlie Coyle for Hooking.
13:58 of 1st period - Sean Monahan wins face-off versus Clayton Keller in Aces zone.
15:10 of 1st period - Shot by Nico Sturm.
15:10 of 1st period - Stopped by Carter Hart without a rebound.
15:11 of 1st period - Clayton Keller wins face-off versus Ryan O'Reilly in Aces zone.
16:06 of 1st period - Shot by Paul Stastny.
16:06 of 1st period - Shot Hit the Post.
16:08 of 1st period - Shot by Anthony Beauvillier.
16:08 of 1st period - Stopped by Jordan Binnington without a rebound.
16:09 of 1st period - Mikael Backlund wins face-off versus Ryan Strome in Trash Pandas zone.
16:13 of 1st period - Icing by Erik Gudbranson.
16:14 of 1st period - Ross Colton wins face-off versus Ryan Strome in Trash Pandas zone.
16:24 of 1st period - Icing by Ryan Strome.
16:25 of 1st period - Arthur Kaliyev wins face-off versus Ryan Strome in Trash Pandas zone.
16:30 of 1st period - Shot by Clayton Keller.
16:30 of 1st period - Shot Misses the Net.
16:36 of 1st period - Thomas Chabot is hit by Ryan Strome and loses puck.
16:42 of 1st period - Icing by Ryan McDonagh.
16:43 of 1st period - Mikael Granlund wins face-off versus Arthur Kaliyev in Aces zone.
16:56 of 1st period - Shot by Jack Hughes.
16:56 of 1st period - Shot Blocked by Ben Chiarot.
17:05 of 1st period - Minor Penalty to Connor Murphy for High sticking.
17:06 of 1st period - Carter Verhaeghe wins face-off versus Ryan O'Reilly in Trash Pandas zone.
17:17 of 1st period - Shot by Charlie Coyle.
17:17 of 1st period - Stopped by Jordan Binnington with a rebound.
17:19 of 1st period - Shot by Erik Cernak.
17:19 of 1st period - Shot Blocked by Carson Soucy.
17:21 of 1st period - Shot by Charlie Coyle.
17:21 of 1st period - Deflect By Jordan Kyrou.
17:21 of 1st period - Stopped by Jordan Binnington without a rebound.
17:22 of 1st period - Ryan O'Reilly wins face-off versus Jordan Kyrou in Trash Pandas zone.
17:50 of 1st period - Shot by Clayton Keller.
17:50 of 1st period - Goal by Clayton Keller - Aces : 3 - Trash Pandas : 2.
17:51 of 1st period - Ryan Strome wins face-off versus Victor Olofsson in neutral zone.
17:54 of 1st period - Shot by Carson Soucy.
17:54 of 1st period - Shot Misses the Net.
18:10 of 1st period - Shot by Ryan Strome.
18:10 of 1st period - Stopped by Carter Hart with a rebound.
18:12 of 1st period - Shot by Carson Soucy.
18:12 of 1st period - Goal by Carson Soucy - Aces : 3 - Trash Pandas : 3.
18:13 of 1st period - Ryan O'Reilly wins face-off versus Anthony Beauvillier in neutral zone.
18:18 of 1st period - Shot by Connor Murphy.
18:18 of 1st period - Shot Blocked by Dante Fabbro.
18:20 of 1st period - Shot by Ben Chiarot.
18:20 of 1st period - Shot Blocked by Dante Fabbro.
18:29 of 1st period - Connor Murphy is hit by Dante Fabbro and loses puck.
18:54 of 1st period - Icing by Nico Sturm.
18:55 of 1st period - Ryan O'Reilly wins face-off versus Arthur Kaliyev in Trash Pandas zone.
18:59 of 1st period - Ryan O'Reilly is hit by Lee Mack.
19:17 of 1st period - Erik Johnson is hit by Erik Cernak and loses puck.
19:29 of 1st period - Sean Monahan is hit by Erik Cernak and loses puck.
Goals for this period are 3 for Aces vs 3 for Trash Pandas.
Shots for this period are 10 for Aces vs 22 for Trash Pandas.

2nd period


0:01 of 2nd period - Sean Monahan wins face-off versus Arthur Kaliyev in neutral zone.
0:36 of 2nd period - Jack Hughes is hit by Sean Monahan and loses puck.
1:34 of 2nd period - Thomas Chabot is hit by Taylor Hall and loses puck.
1:50 of 2nd period - Icing by Erik Johnson.
1:51 of 2nd period - Ryan Strome wins face-off versus Robby Fabbri in Trash Pandas zone.
1:57 of 2nd period - Isac Lundestrom is hit by Nick Leddy.
2:05 of 2nd period - Robby Fabbri is hit by Isac Lundestrom and loses puck.
2:18 of 2nd period - Shot by Jaden Schwartz.
2:18 of 2nd period - Shot Misses the Net.
2:20 of 2nd period - Shot by Isac Lundestrom.
2:20 of 2nd period - Deflect By Jaden Schwartz.
2:20 of 2nd period - Shot Misses the Net.
3:46 of 2nd period - Shot by Sean Monahan.
3:46 of 2nd period - Shot Blocked by Erik Cernak.
3:48 of 2nd period - Shot by Carson Soucy.
3:48 of 2nd period - Shot Misses the Net.
3:50 of 2nd period - Shot by Sean Monahan.
3:50 of 2nd period - Shot Misses the Net.
5:02 of 2nd period - Off-side.
5:03 of 2nd period - Ryan Strome wins face-off versus Carter Verhaeghe in neutral zone.
5:06 of 2nd period - Shot by Jaden Schwartz.
5:06 of 2nd period - Shot Misses the Net.
5:31 of 2nd period - Shot by Carter Verhaeghe.
5:31 of 2nd period - Shot Blocked by Erik Johnson.
5:55 of 2nd period - Shot by Nicklas Backstrom.
5:55 of 2nd period - Stopped by Carter Hart without a rebound.
5:56 of 2nd period - Robby Fabbri wins face-off versus Sean Monahan in Aces zone.
6:31 of 2nd period - Shot by Sean Monahan.
6:31 of 2nd period - Stopped by Carter Hart without a rebound.
6:32 of 2nd period - Ryan O'Reilly wins face-off versus Ross Colton in Aces zone.
6:36 of 2nd period - Icing by Ryan McDonagh.
6:37 of 2nd period - Ryan O'Reilly wins face-off versus Ross Colton in Aces zone.
6:53 of 2nd period - Icing by Ryan McDonagh.
6:54 of 2nd period - Nicklas Backstrom wins face-off versus Ross Colton in Aces zone.
6:55 of 2nd period - Shot by Sean Kuraly.
6:55 of 2nd period - Stopped by Carter Hart without a rebound.
6:56 of 2nd period - Sean Monahan wins face-off versus Carter Verhaeghe in Aces zone.
7:11 of 2nd period - Shot by Carter Verhaeghe.
7:11 of 2nd period - Shot Misses the Net.
7:13 of 2nd period - Shot by Dante Fabbro.
7:13 of 2nd period - Shot Blocked by Ben Chiarot.
8:02 of 2nd period - Shot by Victor Olofsson.
8:02 of 2nd period - Shot Misses the Net.
8:04 of 2nd period - Shot by Robby Fabbri.
8:04 of 2nd period - Shot Misses the Net.
8:10 of 2nd period - Shot by Mikael Backlund.
8:10 of 2nd period - Deflect By Robby Fabbri.
8:10 of 2nd period - Shot Misses the Net.
9:24 of 2nd period - Erik Gudbranson is hit by Arthur Kaliyev.
10:08 of 2nd period - Shot by Charlie Coyle.
10:08 of 2nd period - Stopped by Jordan Binnington with a rebound.
10:32 of 2nd period - Shot by Charlie Coyle.
10:32 of 2nd period - Stopped by Jordan Binnington without a rebound.
10:33 of 2nd period - Nicklas Backstrom wins face-off versus Robby Fabbri in Trash Pandas zone.
10:55 of 2nd period - Shot by Mikael Backlund.
10:55 of 2nd period - Stopped by Jordan Binnington with a rebound.
10:57 of 2nd period - Shot by Erik Cernak.
10:57 of 2nd period - Stopped by Jordan Binnington with a rebound.
10:59 of 2nd period - Shot by Robby Fabbri.
10:59 of 2nd period - Shot Blocked by Sean Kuraly.
11:01 of 2nd period - Shot by Lee Mack.
11:01 of 2nd period - Shot Blocked by Shayne Gostisbehere.
11:36 of 2nd period - Icing by Erik Gudbranson.
11:37 of 2nd period - Ryan Strome wins face-off versus Arthur Kaliyev in Trash Pandas zone.
12:06 of 2nd period - Shot by Clayton Keller.
12:06 of 2nd period - Shot Blocked by Ryan Strome.
12:50 of 2nd period - Off-side.
12:51 of 2nd period - Nicklas Backstrom wins face-off versus Paul Stastny in neutral zone.
13:00 of 2nd period - Shot by Sean Kuraly.
13:00 of 2nd period - Stopped by Carter Hart without a rebound.
13:01 of 2nd period - Carter Verhaeghe wins face-off versus Nicklas Backstrom in Aces zone.
13:01 of 2nd period - Carter Verhaeghe is hit by Mikael Granlund.
13:29 of 2nd period - Shot by Nicklas Backstrom.
13:29 of 2nd period - Deflect By Mikael Granlund.
13:29 of 2nd period - Stopped by Carter Hart without a rebound.
13:30 of 2nd period - Sean Monahan wins face-off versus Victor Olofsson in Aces zone.
13:31 of 2nd period - Shot by Connor Murphy.
13:31 of 2nd period - Stopped by Carter Hart without a rebound.
13:32 of 2nd period - Robby Fabbri wins face-off versus Sean Monahan in Aces zone.
13:39 of 2nd period - Shot by Sean Monahan.
13:39 of 2nd period - Shot Blocked by Victor Olofsson.
13:41 of 2nd period - Shot by Jonathan Toews.
13:41 of 2nd period - Stopped by Carter Hart without a rebound.
13:42 of 2nd period - Carter Verhaeghe wins face-off versus Nicklas Backstrom in Aces zone.
13:58 of 2nd period - Shot by Jordan Kyrou.
13:58 of 2nd period - Shot Blocked by Ben Chiarot.
14:00 of 2nd period - Shot by Erik Cernak.
14:00 of 2nd period - Stopped by Jordan Binnington without a rebound.
14:01 of 2nd period - Arthur Kaliyev wins face-off versus Sean Monahan in Trash Pandas zone.
14:19 of 2nd period - Clayton Keller is hit by Erik Johnson and loses puck.
15:40 of 2nd period - Icing by Ben Chiarot.
15:41 of 2nd period - Ryan Strome wins face-off versus Robby Fabbri in Trash Pandas zone.
15:48 of 2nd period - Shot by Ryan Strome.
15:48 of 2nd period - Stopped by Carter Hart without a rebound.
15:49 of 2nd period - Ryan O'Reilly wins face-off versus Ross Colton in Aces zone.
15:52 of 2nd period - Shot by Taylor Hall.
15:52 of 2nd period - Stopped by Carter Hart without a rebound.
15:53 of 2nd period - Ryan O'Reilly wins face-off versus Ross Colton in Aces zone.
16:06 of 2nd period - Shot by Taylor Hall.
16:06 of 2nd period - Stopped by Carter Hart without a rebound.
16:07 of 2nd period - Robby Fabbri wins face-off versus Ryan Strome in Aces zone.
16:22 of 2nd period - Shot by Mikael Backlund.
16:22 of 2nd period - Shot Misses the Net.
17:30 of 2nd period - Shot by Clayton Keller.
17:30 of 2nd period - Stopped by Jordan Binnington without a rebound.
17:31 of 2nd period - Sean Monahan wins face-off versus Carter Verhaeghe in Trash Pandas zone.
17:39 of 2nd period - Icing by Erik Johnson.
17:40 of 2nd period - Ross Colton wins face-off versus Sean Monahan in Trash Pandas zone.
17:52 of 2nd period - Shot by Jonathan Toews.
17:52 of 2nd period - Shot Misses the Net.
18:37 of 2nd period - Off-side.
18:38 of 2nd period - Ryan O'Reilly wins face-off versus Arthur Kaliyev in neutral zone.
18:40 of 2nd period - Ben Chiarot is hit by Lee Mack and loses puck.
19:39 of 2nd period - Off-side.
19:40 of 2nd period - Robby Fabbri wins face-off versus Mikael Granlund in neutral zone.
19:43 of 2nd period - Erik Gudbranson is hit by Robby Fabbri and loses puck.
19:54 of 2nd period - Shot by Robby Fabbri.
19:54 of 2nd period - Goal by Robby Fabbri - Aces : 4 - Trash Pandas : 3.
19:55 of 2nd period - Carter Verhaeghe wins face-off versus Ryan Strome in neutral zone.
Goals for this period are 1 for Aces vs 0 for Trash Pandas.
Shots for this period are 7 for Aces vs 10 for Trash Pandas.

3rd period


0:01 of 3rd period - Ryan O'Reilly wins face-off versus Carter Verhaeghe in neutral zone.
0:04 of 3rd period - Charlie Coyle is hit by Nico Sturm and loses puck.
0:21 of 3rd period - Shot by Jordan Kyrou.
0:21 of 3rd period - Shot Misses the Net.
0:51 of 3rd period - Shot by Jonathan Toews.
0:51 of 3rd period - Stopped by Carter Hart without a rebound.
0:52 of 3rd period - Nicklas Backstrom wins face-off versus Robby Fabbri in Aces zone.
1:00 of 3rd period - Icing by Mikael Backlund.
1:01 of 3rd period - Sean Monahan wins face-off versus Robby Fabbri in Aces zone.
1:12 of 3rd period - Shot by Sean Monahan.
1:12 of 3rd period - Shot Misses the Net.
1:14 of 3rd period - Shot by Sean Monahan.
1:14 of 3rd period - Shot Misses the Net.
1:16 of 3rd period - Shot by Erik Johnson.
1:16 of 3rd period - Shot Misses the Net.
1:28 of 3rd period - Shot by Thomas Chabot.
1:28 of 3rd period - Shot Misses the Net.
1:37 of 3rd period - Shot by Sean Monahan.
1:37 of 3rd period - Stopped by Carter Hart without a rebound.
1:38 of 3rd period - Ryan O'Reilly wins face-off versus Arthur Kaliyev in Aces zone.
2:06 of 3rd period - Shot by Jack Hughes.
2:06 of 3rd period - Shot Blocked by Connor Murphy.
2:32 of 3rd period - Shot by Jordan Kyrou.
2:32 of 3rd period - Stopped by Jordan Binnington with a rebound.
2:38 of 3rd period - Shot by Charlie Coyle.
2:38 of 3rd period - Shot Blocked by Connor Murphy.
2:40 of 3rd period - Shot by Jordan Kyrou.
2:40 of 3rd period - Shot Misses the Net.
2:42 of 3rd period - Shot by Lee Mack.
2:42 of 3rd period - Stopped by Jordan Binnington without a rebound.
2:43 of 3rd period - Ross Colton wins face-off versus Sean Monahan in Trash Pandas zone.
2:46 of 3rd period - Shot by Anthony Beauvillier.
2:46 of 3rd period - Stopped by Jordan Binnington with a rebound.
3:00 of 3rd period - Shot by Sean Monahan.
3:00 of 3rd period - Stopped by Carter Hart without a rebound.
3:01 of 3rd period - Ryan Strome wins face-off versus Robby Fabbri in Aces zone.
3:28 of 3rd period - Shot by Victor Olofsson.
3:28 of 3rd period - Shot Hit the Post.
3:42 of 3rd period - Shot by Robby Fabbri.
3:42 of 3rd period - Stopped by Jordan Binnington without a rebound.
3:43 of 3rd period - Sean Monahan wins face-off versus Carter Verhaeghe in Trash Pandas zone.
4:06 of 3rd period - Thomas Chabot is hit by Sean Monahan and loses puck.
4:07 of 3rd period - Minor Penalty to Sean Monahan for Roughing.
4:08 of 3rd period - Ryan O'Reilly wins face-off versus Jordan Kyrou in Trash Pandas zone.
4:27 of 3rd period - Jordan Kyrou is hit by Ryan O'Reilly.
4:43 of 3rd period - Shot by Jordan Kyrou.
4:43 of 3rd period - Shot Blocked by Carson Soucy.
5:05 of 3rd period - Shot by Carter Verhaeghe.
5:05 of 3rd period - Shot Misses the Net.
5:07 of 3rd period - Shot by Thomas Chabot.
5:07 of 3rd period - Shot Misses the Net.
5:09 of 3rd period - Shot by Thomas Chabot.
5:09 of 3rd period - Shot Blocked by Ben Chiarot.
5:11 of 3rd period - Shot by Charlie Coyle.
5:11 of 3rd period - Deflect By Carter Verhaeghe.
5:11 of 3rd period - Shot Misses the Net.
5:13 of 3rd period - Shot by Ryan McDonagh.
5:13 of 3rd period - Stopped by Jordan Binnington with a rebound.
5:15 of 3rd period - Shot by Thomas Chabot.
5:15 of 3rd period - Shot Misses the Net.
5:17 of 3rd period - Shot by Thomas Chabot.
5:17 of 3rd period - Shot Misses the Net.
6:30 of 3rd period - Shot by Jonathan Toews.
6:30 of 3rd period - Deflect By Sean Monahan.
6:30 of 3rd period - Shot Misses the Net.
6:49 of 3rd period - Icing by Erik Johnson.
6:50 of 3rd period - Ross Colton wins face-off versus Sean Monahan in Trash Pandas zone.
7:05 of 3rd period - Shot by Ross Colton.
7:05 of 3rd period - Shot Misses the Net.
7:14 of 3rd period - Ross Colton is hit by Erik Johnson and loses puck.
7:18 of 3rd period - Anthony Beauvillier is hit by Erik Johnson.
8:12 of 3rd period - Shot by Jaden Schwartz.
8:12 of 3rd period - Deflect By Ryan Strome.
8:12 of 3rd period - Shot Misses the Net.
8:29 of 3rd period - Icing by Connor Murphy.
8:30 of 3rd period - Robby Fabbri wins face-off versus Jaden Schwartz in Trash Pandas zone.
10:30 of 3rd period - Icing by Mikael Granlund.
10:31 of 3rd period - Ross Colton wins face-off versus Nicklas Backstrom in Trash Pandas zone.
10:55 of 3rd period - Off-side.
10:56 of 3rd period - Ryan O'Reilly wins face-off versus Arthur Kaliyev in neutral zone.
11:31 of 3rd period - Shot by Taylor Hall.
11:31 of 3rd period - Shot Misses the Net.
11:33 of 3rd period - Shot by Ben Chiarot.
11:33 of 3rd period - Shot Misses the Net.
12:07 of 3rd period - Shot by Victor Olofsson.
12:07 of 3rd period - Shot Misses the Net.
12:13 of 3rd period - Shot by Victor Olofsson.
12:13 of 3rd period - Stopped by Jordan Binnington without a rebound.
12:14 of 3rd period - Ryan Strome wins face-off versus Carter Verhaeghe in Trash Pandas zone.
12:19 of 3rd period - Charlie Coyle is hit by Isac Lundestrom and loses puck.
12:26 of 3rd period - Shot by Isac Lundestrom.
12:26 of 3rd period - Shot Misses the Net.
12:36 of 3rd period - Shot by Charlie Coyle.
12:36 of 3rd period - Stopped by Jordan Binnington without a rebound.
12:37 of 3rd period - Nicklas Backstrom wins face-off versus Ross Colton in Trash Pandas zone.
12:37 of 3rd period - Nicklas Backstrom is hit by Anthony Beauvillier.
12:59 of 3rd period - Anthony Beauvillier is hit by Erik Gudbranson and loses puck.
13:09 of 3rd period - Anthony Beauvillier is hit by Erik Gudbranson and loses puck.
13:23 of 3rd period - Icing by Erik Gudbranson.
13:24 of 3rd period - Nicklas Backstrom wins face-off versus Arthur Kaliyev in Trash Pandas zone.
14:07 of 3rd period - Shot by Ryan O'Reilly.
14:07 of 3rd period - Shot Misses the Net.
14:09 of 3rd period - Shot by Nico Sturm.
14:09 of 3rd period - Stopped by Carter Hart without a rebound.
14:10 of 3rd period - Carter Verhaeghe wins face-off versus Sean Monahan in Aces zone.
14:45 of 3rd period - Shot by Sean Monahan.
14:45 of 3rd period - Deflect By Jonathan Toews.
14:45 of 3rd period - Shot Misses the Net.
14:47 of 3rd period - Shot by Erik Johnson.
14:47 of 3rd period - Shot Blocked by Jordan Kyrou.
14:49 of 3rd period - Shot by Shayne Gostisbehere.
14:49 of 3rd period - Shot Misses the Net.
15:04 of 3rd period - Minor Penalty to Ryan Strome for High sticking.
15:05 of 3rd period - Ryan O'Reilly wins face-off versus Paul Stastny in Trash Pandas zone.
15:13 of 3rd period - Icing by Jack Hughes.
15:14 of 3rd period - Ryan O'Reilly wins face-off versus Jack Hughes in Aces zone.
15:52 of 3rd period - Shot by Lee Mack.
15:52 of 3rd period - Stopped by Jordan Binnington with a rebound.
16:07 of 3rd period - Icing by Carter Verhaeghe.
16:08 of 3rd period - Ryan O'Reilly wins face-off versus Jordan Kyrou in Aces zone.
16:27 of 3rd period - Shot by Ryan McDonagh.
16:27 of 3rd period - Shot Misses the Net.
16:29 of 3rd period - Shot by Charlie Coyle.
16:29 of 3rd period - Shot Misses the Net.
17:06 of 3rd period - Shot by Mikael Backlund.
17:06 of 3rd period - Stopped by Jordan Binnington without a rebound.
17:07 of 3rd period - Ryan Strome wins face-off versus Mikael Backlund in Trash Pandas zone.
17:20 of 3rd period - Shot by Jaden Schwartz.
17:20 of 3rd period - Stopped by Carter Hart without a rebound.
17:21 of 3rd period - Nicklas Backstrom wins face-off versus Jack Hughes in Aces zone.
17:21 of 3rd period - Nicklas Backstrom is hit by Erik Cernak.
18:28 of 3rd period - Shot by Taylor Hall.
18:28 of 3rd period - Goal by Taylor Hall - Aces : 4 - Trash Pandas : 4.
18:29 of 3rd period - Isac Lundestrom wins face-off versus Carter Verhaeghe in neutral zone.
18:42 of 3rd period - Shot by Charlie Coyle.
18:42 of 3rd period - Stopped by Jordan Binnington without a rebound.
18:43 of 3rd period - Ryan O'Reilly wins face-off versus Ross Colton in Trash Pandas zone.
18:58 of 3rd period - Minor Penalty to Erik Gudbranson for Slashing.
18:59 of 3rd period - Jordan Kyrou wins face-off versus Ryan O'Reilly in Trash Pandas zone.
19:14 of 3rd period - Shot by Lee Mack.
19:14 of 3rd period - Stopped by Jordan Binnington with a rebound.
19:16 of 3rd period - Shot by Lee Mack.
19:16 of 3rd period - Stopped by Jordan Binnington without a rebound.
19:17 of 3rd period - Ryan O'Reilly wins face-off versus Carter Verhaeghe in Trash Pandas zone.
19:28 of 3rd period - Shot by Jordan Kyrou.
19:28 of 3rd period - Stopped by Jordan Binnington with a rebound.
19:30 of 3rd period - Shot by Ryan McDonagh.
19:30 of 3rd period - Shot Misses the Net.
19:32 of 3rd period - Shot by Charlie Coyle.
19:32 of 3rd period - Shot Misses the Net.
19:34 of 3rd period - Shot by Thomas Chabot.
19:34 of 3rd period - Shot Blocked by Ben Chiarot.
19:40 of 3rd period - Shot by Jordan Kyrou.
19:40 of 3rd period - Shot Blocked by Connor Murphy.
19:54 of 3rd period - Shot by Carter Verhaeghe.
19:54 of 3rd period - Shot Blocked by Connor Murphy.
19:56 of 3rd period - Shot by Thomas Chabot.
19:56 of 3rd period - Stopped by Jordan Binnington without a rebound.
19:57 of 3rd period - Sean Monahan wins face-off versus Jordan Kyrou in Trash Pandas zone.
19:57 of 3rd period - Sean Monahan is hit by Lee Mack.
Goals for this period are 0 for Aces vs 1 for Trash Pandas.
Shots for this period are 14 for Aces vs 6 for Trash Pandas.

Overtime #1


0:01 of 1st overtime period - Clayton Keller wins face-off versus Ryan O'Reilly in neutral zone.
0:22 of 1st overtime period - Shot by Jack Hughes.
0:22 of 1st overtime period - Stopped by Jordan Binnington without a rebound.
0:23 of 1st overtime period - Ryan O'Reilly wins face-off versus Clayton Keller in Trash Pandas zone.
0:36 of 1st overtime period - Shot by Clayton Keller.
0:36 of 1st overtime period - Shot Blocked by Connor Murphy.
1:24 of 1st overtime period - Shot by Nicklas Backstrom.
1:24 of 1st overtime period - Shot Misses the Net.
1:26 of 1st overtime period - Shot by Connor Murphy.
1:26 of 1st overtime period - Goal by Connor Murphy - Aces : 4 - Trash Pandas : 5.
Goals for this period are 0 for Aces vs 1 for Trash Pandas.
Shots for this period are 1 for Aces vs 1 for Trash Pandas.